[Event "Titled Tuesday Blitz June 13 Early 2023"]
[White "Perera Alfonso, Rene Humberto"]
[Black "Luxama, Jacques Muller"]
[WhiteFideId "3514722"]
[BlackFideId "11900113"]
[WhiteElo "2313"]
[BlackElo "1931"]
[Result "1-0"]
[Round "2"]
[TimeControl "180+2"]
[Date "2023.06.13"]
[WhiteClock "0:01:18"]
[BlackClock "0:00:00"]
[Board "209"]

1. e4 e6 2. d4 d5 3. Nc3 Nf6 4. e5 Nfd7 5. f4 c5 6. Nf3 Nc6 7. Be3 a6 8. Qd2 b5 9. Nd1 Bb7 10. Be2 Qb6 11. O-O b4 12. c3 cxd4 13. cxd4 Be7 14. Nf2 a5 15. Rfc1 Ba6 16. Nd3 O-O 17. Nc5 Bxc5 18. dxc5 Qb7 19. Bd1 Rfd8 20. Bc2 Nf8 21. Qf2 Bb5 22. h4 a4 23. h5 h6 24. Nd4 Nxd4 25. Bxd4 Bc4 26. b3 axb3 27. axb3 Bb5 28. f5 exf5 29. Qxf5 Qd7 30. Qf2 Qg4 31. Rxa8 Rxa8 32. Bf5 Qxh5 33. c6 Qg5 34. Be3 Qe7 35. c7 Ba6 36. c8=Q 1-0


[Site "https://www.chess.com"]

[Event "Titled Tuesday Blitz June 13 Early 2023"]
[White "Khamdamova, Afruza"]
[Black "Escudero Donoso, Felipe"]
[WhiteFideId "14210444"]
[BlackFideId "3410595"]
[WhiteElo "2312"]
[BlackElo "2184"]
[Result "0-1"]
[Round "2"]
[TimeControl "180+2"]
[Date "2023.06.13"]
[WhiteClock "0:00:03"]
[BlackClock "0:00:15"]
[Board "210"]

1. e4 c6 2. d4 d5 3. Nc3 dxe4 4. Nxe4 Bf5 5. Ng3 Bg6 6. Nf3 e6 7. h4 h6 8. Ne5 Bh7 9. Bc4 Nf6 10. Qe2 Nd5 11. c3 Be7 12. h5 Nd7 13. O-O Nxe5 14. dxe5 O-O 15. Be3 Bg5 16. Bxg5 Qxg5 17. Bxd5 cxd5 18. Rad1 Rac8 19. Rd4 Rc4 20. Rfd1 Rfc8 21. Nf1 Rxd4 22. Rxd4 Be4 23. Ng3 Bb1 24. a3 Ba2 25. Kh2 Rc4 26. Rxc4 Bxc4 27. Qe1 a5 28. Kg1 a4 29. Qe3 Qxe3 30. fxe3 Kf8 31. e4 Ke7 32. exd5 Bxd5 33. Ne2 Kd7 34. Nd4 f6 35. exf6 gxf6 36. g4 Kd6 37. Kf2 Ke5 38. Ke3 b6 39. Nb5 Bb3 40. Nd4 Bd1 41. Nc6+ Kd6 42. Nd8 Bxg4 43. Nf7+ Ke7 44. Nxh6 Bxh5 45. Kf4 Bg6 46. Ng4 e5+ 47. Ke3 Ke6 48. Nf2 f5 49. Kf3 f4 50. Ng4 Kf5 51. Nf2 Bh5+ 52. Kg2 e4 53. Nh3 Bf3+ 54. Kf2 Bg4 55. Ng1 e3+ 56. Kg2 Ke4 57. Kf1 Kd3 58. Ke1 Kc2 59. c4 Kxb2 0-1


[Site "https://www.chess.com"]

[Event "Titled Tuesday Blitz June 13 Early 2023"]
[White "Xavier_mompel"]
[Black "Kielinkei"]
[WhiteElo "2192"]
[BlackElo "2470"]
[Result "1/2-1/2"]
[Round "2"]
[TimeControl "180+2"]
[Date "2023.06.13"]
[WhiteClock "0:00:12"]
[BlackClock "0:00:31"]
[Board "211"]

1. e4 c5 2. Nf3 e6 3. d4 cxd4 4. Nxd4 Nc6 5. Nc3 Qc7 6. g3 a6 7. Bg2 Nf6 8. O-O Bc5 9. Be3 Nxd4 10. Bxd4 Bxd4 11. Qxd4 d6 12. Rad1 Ke7 13. Rd2 Qc5 14. Rfd1 Qxd4 15. Rxd4 Rd8 16. e5 Ne8 17. exd6+ Rxd6 18. Rxd6 Nxd6 19. Ne4 Nxe4 20. Bxe4 Bd7 21. Bxb7 Rb8 22. Bxa6 Rxb2 23. Bd3 Rxa2 24. Kg2 Ba4 25. Rd2 h6 26. Re2 Kd6 27. h4 g6 28. f3 f5 29. Rxe6+ Kxe6 30. Bc4+ Ke5 31. Bxa2 Bxc2 32. Bf7 g5 33. hxg5 hxg5 34. f4+ Kf6 35. Be8 g4 36. Bc6 Ke6 37. Kf2 Kd6 38. Bb7 Kc5 39. Ke3 Kc4 40. Ba6+ Kc3 41. Bb7 Bb1 42. Bd5 Bd3 43. Bc6 Bc2 44. Bd5 Bb1 45. Bc6 Bc2 46. Bd5 Bb1 47. Bc6 Bc2 1/2-1/2


[Site "https://www.chess.com"]

[Event "Titled Tuesday Blitz June 13 Early 2023"]
[White "Matyukov, Petr"]
[Black "Ciuffoletti, Paolo"]
[WhiteFideId "4103688"]
[BlackFideId "807630"]
[WhiteElo "2278"]
[BlackElo "2143"]
[Result "1/2-1/2"]
[Round "2"]
[TimeControl "180+2"]
[Date "2023.06.13"]
[WhiteClock "0:00:14"]
[BlackClock "0:00:06"]
[Board "212"]

1. d4 d5 2. c4 c6 3. Nf3 Nf6 4. e3 Bf5 5. cxd5 cxd5 6. Qb3 Qc7 7. Bd2 Nc6 8. Nc3 e6 9. Rc1 Bb4 10. Bb5 O-O 11. Bxc6 Bxc3 12. Bxc3 bxc6 13. O-O Rab8 14. Qa3 Ne4 15. Bb4 Rfc8 16. Ne5 Qb7 17. Bd6 Qxb2 18. Qxb2 Rxb2 19. Nxc6 Kh8 20. Be5 Rxa2 21. Nxa7 Rxc1 22. Rxc1 h6 23. f3 Rxa7 24. fxe4 Bxe4 25. Rc8+ Kh7 26. Rc7 Rxc7 27. Bxc7 f5 28. Kf2 g5 29. g3 Kg6 30. Be5 h5 31. Ke2 h4 32. Kf2 Kh5 33. Kg1 Kg4 34. gxh4 gxh4 35. Kf2 Bd3 36. Bf4 Be4 37. Be5 Bd3 38. Bf4 Be4 39. Be5 1/2-1/2


[Site "https://www.chess.com"]

[Event "Titled Tuesday Blitz June 13 Early 2023"]
[White "Chemin, Justo Reinaldo"]
[Black "Baches Garcia, Guillermo"]
[WhiteFideId "2101580"]
[BlackFideId "2209764"]
[WhiteElo "1940"]
[BlackElo "2469"]
[Result "1/2-1/2"]
[Round "2"]
[TimeControl "180+2"]
[Date "2023.06.13"]
[WhiteClock "0:00:22"]
[BlackClock "0:00:19"]
[Board "213"]

1. d4 Nf6 2. Nf3 e6 3. Bg5 h6 4. Bxf6 Qxf6 5. e4 d5 6. e5 Qd8 7. Bd3 c5 8. c3 Nc6 9. a3 a5 10. Nbd2 Qb6 11. b3 cxd4 12. cxd4 Nxd4 13. Nxd4 Qxd4 14. Bb5+ Ke7 15. O-O Qxe5 16. Nf3 Qd6 17. Re1 g5 18. Rc1 Bg7 19. Qd3 e5 20. Nd4 Be6 21. Nf5+ Bxf5 22. Qxf5 Rhd8 23. Rcd1 Kf8 24. Qh7 Qg6 25. Qxg6 fxg6 26. a4 Rac8 27. Rc1 Ke7 28. Kf1 e4 29. f3 Bc3 30. Re2 Bb4 31. Rd1 Rc3 32. fxe4 d4 33. Bc4 d3 34. Rf2 Rc2 35. Bxd3 Rxf2+ 36. Kxf2 Rc8 37. Bc4 Rd8 38. Rd5 Rxd5 39. exd5 Kd6 40. Ke3 h5 41. Ke4 h4 42. h3 b6 43. Kf3 Bd2 44. Kg4 Bc1 45. g3 hxg3 46. Kxg3 Bf4+ 47. Kf3 Bc1 48. Bb5 Bf4 49. Bc6 Bc1 50. Ke4 Bd2 51. Be8 Bb4 52. Bxg6 Bd2 53. Be8 Bc1 54. Bc6 Bd2 55. Kd3 Bc1 56. Kc4 Be3 57. b4 axb4 58. Kxb4 Bc5+ 59. Kb5 Bf2 60. a5 bxa5 61. Kxa5 Bh4 62. Ka6 Bg3 63. Kb7 Bh4 64. Kc8 Bg3 65. Kd8 Bh4 66. Ke8 Be1 67. Kf7 Bd2 68. Kf6 Bc1 69. Kf5 Bd2 70. Kg4 Bc1 71. h4 gxh4 72. Kxh4 Bb2 73. Kg4 Ba3 74. Kf5 Bc5 75. Ke4 Ba7 76. Kd3 Bc5 77. Kc4 Ba7 78. Kb5 Bc5 79. Ka6 Bg1 80. Kb7 Bf2 81. Kc8 Bg1 82. Kb7 Bf2 83. Ka6 Bg1 84. Kb7 1/2-1/2


[Site "https://www.chess.com"]

[Event "Titled Tuesday Blitz June 13 Early 2023"]
[White "Kovalevsky, Stanislav"]
[Black "Jaivardhan Raj"]
[WhiteFideId "13508598"]
[BlackFideId "25744437"]
[WhiteElo "2112"]
[BlackElo "1772"]
[Result "1-0"]
[Round "2"]
[TimeControl "180+2"]
[Date "2023.06.13"]
[WhiteClock "0:00:07"]
[BlackClock "0:00:05"]
[Board "214"]

1. c4 e5 2. Nc3 Nf6 3. g3 d5 4. cxd5 Nxd5 5. Bg2 Nb6 6. e3 Nc6 7. Nge2 Be7 8. O-O O-O 9. f4 Bg4 10. fxe5 Nxe5 11. d4 Nc6 12. Qb3 Na5 13. Qb5 Nc6 14. Nf4 a6 15. Qb3 Na5 16. Qc2 Nbc4 17. Ncd5 c6 18. Nxe7+ Qxe7 19. Qc3 g5 20. Nh3 b5 21. e4 b4 22. Qd3 Rad8 23. Bxg5 f6 24. Bh6 Rfe8 25. Rf4 Ne5 26. Qxa6 Nec4 27. Rxg4+ Kh8 28. Bg7+ Qxg7 29. Rxg7 Kxg7 30. Qa7+ Kh8 31. b3 Ra8 32. Qf7 Rf8 33. Qh5 Nd6 34. Nf4 Rg8 35. e5 Nxb3 36. Rf1 Rg5 37. Qh4 Nf5 38. Qh3 Nbxd4 39. exf6 Rxa2 40. f7 Kg7 41. Ne6+ Nxe6 42. Rxf5 Ra1+ 43. Bf1 Rg6 44. Rf2 b3 45. Qxe6 Rxe6 46. f8=Q+ Kg6 47. Qg8+ Kh6 48. g4 Rg6 49. Qf8+ Kg5 50. Qf4+ Kh4 51. Qg3+ Kg5 52. Rf5+ Kh6 53. Rh5+ Kg7 54. Qe5+ Kg8 55. Qxa1 b2 56. Qxb2 Rxg4+ 57. Bg2 Rg6 58. Qe5 c5 59. Rf5 c4 60. Qe8+ Kg7 61. Qf8# 1-0


[Site "https://www.chess.com"]

[Event "Titled Tuesday Blitz June 13 Early 2023"]
[White "Gonzalez Zamora, Juan Carlos"]
[Black "Fabris, Alberto"]
[WhiteFideId "3507548"]
[BlackFideId "801348"]
[WhiteElo "2522"]
[BlackElo "2171"]
[Result "1-0"]
[Round "2"]
[TimeControl "180+2"]
[Date "2023.06.13"]
[WhiteClock "0:00:14"]
[BlackClock "0:00:16"]
[Board "215"]

1. e4 c5 2. Nf3 d6 3. d4 cxd4 4. Nxd4 Nf6 5. Nc3 a6 6. Be2 e5 7. Nb3 Be7 8. Be3 O-O 9. O-O Nbd7 10. Qd3 Qc7 11. a4 b6 12. Nd5 Nxd5 13. exd5 Nc5 14. Nxc5 bxc5 15. f4 f5 16. fxe5 dxe5 17. Kh1 Bd6 18. Qc4 Rb8 19. Bd2 Kh8 20. Bc3 a5 21. Rae1 Bd7 22. Qh4 Qd8 23. Qxd8 Rfxd8 24. Bxa5 Re8 25. b3 g6 26. Bc3 Kg7 27. Bc4 Kf6 28. a5 Bb5 29. Bxb5 Rxb5 30. Rf4 Ra8 31. Ra4 Ra6 32. Rh4 h5 33. Ra4 g5 34. g3 Rb7 35. Kg2 Rd7 36. h4 gxh4 37. Rxh4 Rh7 38. Rc4 Rd7 39. Rd1 Bc7 40. Rxc5 Bd6 41. Rc6 Ra8 42. Bb4 Ke7 43. Rxd6 Rxd6 44. c4 Kd7 45. Bxd6 Kxd6 46. b4 e4 47. c5+ Ke5 48. d6 h4 49. d7 Rd8 50. c6 1-0


[Site "https://www.chess.com"]

[Event "Titled Tuesday Blitz June 13 Early 2023"]
[White "Biastoch, Bennet"]
[Black "Vianello, Enrico"]
[WhiteFideId "12939889"]
[BlackFideId "810738"]
[WhiteElo "2222"]
[BlackElo "2162"]
[Result "1/2-1/2"]
[Round "2"]
[TimeControl "180+2"]
[Date "2023.06.13"]
[WhiteClock "0:00:19"]
[BlackClock "0:00:08"]
[Board "216"]

1. e4 d6 2. g3 g6 3. Bg2 Bg7 4. c3 c5 5. Ne2 Nc6 6. O-O e5 7. d3 Nge7 8. Nd2 O-O 9. f4 f5 10. Nf3 h6 11. a4 Be6 12. Be3 b6 13. Qd2 Qd7 14. fxe5 dxe5 15. Bxh6 Rad8 16. Bxg7 Kxg7 17. Ne1 c4 18. d4 exd4 19. cxd4 Nxd4 20. Qc3 Kg8 21. Nxd4 Qxd4+ 22. Qxd4 Rxd4 23. exf5 Nxf5 24. Nf3 Rd7 25. Ng5 Bd5 26. Rfd1 Rfd8 27. Bxd5+ Rxd5 28. Rxd5 Rxd5 29. Rc1 Nd6 30. Nf3 Ra5 31. Rd1 Nf5 32. Ra1 b5 33. Ne5 Kg7 34. Nc6 Ra6 35. Ne5 Ra5 36. g4 Nh6 37. Kf2 bxa4 38. Nxc4 Rc5 39. Rxa4 Nxg4+ 40. Kg3 Nf6 41. Rxa7+ Kh6 42. Ne3 Rb5 43. Ra6 Ne4+ 44. Kf4 Nc5 45. Rc6 Nd3+ 46. Ke4 Nxb2 47. Ng4+ Kg5 48. Ne5 Rb4+ 49. Ke3 Nd1+ 50. Ke2 Nb2 51. Nf3+ Kf4 52. Rxg6 Re4+ 53. Kf2 Nd3+ 54. Kg2 Re2+ 55. Kh3 Kxf3 56. Rg3+ Ke4 57. Rg4+ Nf4+ 58. Kg3 Re3+ 59. Kf2 Rf3+ 60. Ke1 Rh3 61. Kf2 Rxh2+ 62. Kg3 Rg2+ 63. Kh4 Rh2+ 64. Kg5 Rf2 65. Kh4 Kf5 66. Rg5+ Ke4 67. Rg4 Rh2+ 68. Kg5 Rh5+ 69. Kf6 Rf5+ 70. Ke7 Re5+ 71. Kf6 Rf5+ 72. Ke7 Re5+ 73. Kf6 Rf5+ 1/2-1/2


[Site "https://www.chess.com"]

[Event "Titled Tuesday Blitz June 13 Early 2023"]
[White "Novikova, Margarita"]
[Black "Jimenez Garcia, Emmanuel"]
[WhiteFideId "14109689"]
[BlackFideId "6504779"]
[WhiteElo "2013"]
[BlackElo "2440"]
[Result "1/2-1/2"]
[Round "2"]
[TimeControl "180+2"]
[Date "2023.06.13"]
[WhiteClock "0:00:27"]
[BlackClock "0:00:03"]
[Board "217"]

1. e4 c5 2. Nc3 Qa5 3. d3 a6 4. g3 b5 5. Bd2 Bb7 6. Bg2 b4 7. Nd5 e6 8. Ne3 Nf6 9. f4 d5 10. a3 dxe4 11. axb4 Qc7 12. dxe4 Nxe4 13. Ne2 cxb4 14. O-O Bc5 15. Kh1 O-O 16. Bc1 Nd7 17. Nd4 Ndf6 18. Nb3 Bb6 19. Qe2 a5 20. Re1 a4 21. Nd2 Rfc8 22. Nxe4 Nxe4 23. Ng4 f5 24. Ne3 Ba6 25. c4 bxc3 26. Qc2 cxb2 27. Qxb2 Bd3 28. Qa2 a3 29. Qxe6+ Kh8 30. Nxf5 Nf2+ 31. Kg1 Ng4+ 32. Kh1 Nf2+ 33. Kg1 Ng4+ 34. Kh1 Nf2+ 1/2-1/2


[Site "https://www.chess.com"]

[Event "Titled Tuesday Blitz June 13 Early 2023"]
[White "Estrada Nieto, Julian"]
[Black "Kiseljova, Marya"]
[WhiteFideId "5101018"]
[BlackFideId "4155009"]
[WhiteElo "2161"]
[BlackElo "1831"]
[Result "1-0"]
[Round "2"]
[TimeControl "180+2"]
[Date "2023.06.13"]
[WhiteClock "0:00:18"]
[BlackClock "0:00:08"]
[Board "218"]

1. e4 c5 2. Nf3 Nc6 3. Bb5 e5 4. O-O Bd6 5. c3 a6 6. Ba4 b5 7. Bc2 Nge7 8. d3 O-O 9. Nbd2 Ng6 10. Re1 Bc7 11. Nf1 d5 12. Ng3 f6 13. exd5 Qxd5 14. Bb3 c4 15. dxc4 Qxd1 16. Rxd1 Kh8 17. cxb5 axb5 18. Bd5 Ra6 19. Be3 Bg4 20. h3 Bc8 21. Ne4 Nce7 22. Bb3 Nf5 23. Nc5 Rc6 24. Bd5 Rd6 25. Ne4 Nxe3 26. fxe3 Rdd8 27. Ng3 Bb6 28. Kf2 Ne7 29. Bb3 Bb7 30. Ke2 g6 31. Rxd8 Rxd8 32. Rd1 Rxd1 33. Bxd1 Bd5 34. Bb3 Bxb3 35. axb3 Nd5 36. Nf1 Kg7 37. g3 Kf7 38. e4 Ne7 39. Ne3 Ke6 40. g4 Nc6 41. Nd2 Na5 42. Kd3 Kd6 43. b4 Nc6 44. Nd5 Bd8 45. c4 bxc4+ 46. Nxc4+ Kd7 47. b5 Na5 48. Nxa5 Bxa5 49. Nxf6+ Kd6 50. Nd5 Kc5 51. b4+ Bxb4 52. Nxb4 Kxb5 53. Nd5 Kc5 54. g5 Kd6 55. Nf6 1-0


[Site "https://www.chess.com"]

[Event "Titled Tuesday Blitz June 13 Early 2023"]
[White "LionKing2367890"]
[Black "Rios Escobar, Adan"]
[BlackFideId "3403645"]
[WhiteElo "2150"]
[BlackElo "2460"]
[Result "0-1"]
[Round "2"]
[TimeControl "180+2"]
[Date "2023.06.13"]
[WhiteClock "0:02:31"]
[BlackClock "0:00:34"]
[Board "219"]

1. e4 c5 2. Nf3 d6 3. d4 cxd4 4. Nxd4 Nf6 5. Nc3 a6 6. Be3 e5 7. Nb3 Be7 8. Be2 Be6 9. Qd2 Ng4 10. Bxg4 Bxg4 11. f3 Be6 12. O-O-O Nd7 13. Nd5 a5 14. a4 b5 15. axb5 a4 16. Na1 a3 17. b3 Nf6 18. b6 Nxd5 19. exd5 Bf5 20. Qb4 O-O 21. b7 Rb8 22. Ba7 Qc7 23. Bxb8 Rxb8 24. Qxa3 Rxb7 25. Qb2 Ra7 26. Rhf1 Rxa1+ 27. Kd2 Bg5+ 28. f4 Bxf4+ 29. Rxf4 Rxd1+ 30. Kxd1 exf4 31. Qd4 0-1


[Site "https://www.chess.com"]

[Event "Titled Tuesday Blitz June 13 Early 2023"]
[White "Jovic, Stanoje"]
[Black "Winkels, Marcel"]
[WhiteFideId "905020"]
[BlackFideId "1003887"]
[WhiteElo "2236"]
[BlackElo "1900"]
[Result "1-0"]
[Round "2"]
[TimeControl "180+2"]
[Date "2023.06.13"]
[WhiteClock "0:00:12"]
[BlackClock "0:00:00"]
[Board "220"]

1. c4 Nf6 2. g3 d5 3. cxd5 Nxd5 4. e4 Nb6 5. d4 Nc6 6. Be3 g6 7. d5 Nb8 8. Bd4 f6 9. h4 Bg7 10. h5 O-O 11. hxg6 hxg6 12. Nc3 c6 13. a4 cxd5 14. a5 Nc4 15. Nxd5 Nxa5 16. Bc3 Nac6 17. Qb3 e6 18. Nf4 Qe8 19. Bc4 Ne5 20. Bxe6+ Bxe6 21. Qxe6+ Qxe6 22. Nxe6 Rf7 23. f4 Nec6 24. Nf3 Na6 25. Nh4 Re8 26. f5 gxf5 27. exf5 Ne5 28. O-O-O Rd7 29. Bxe5 Rxd1+ 30. Rxd1 fxe5 31. Nxg7 Kxg7 32. Rd7+ Kh6 33. Rxb7 e4 34. Rxa7 Nc5 35. f6 e3 36. f7 Rf8 37. Nf5+ Kg6 38. Nxe3 Rxf7 39. Rxf7 Kxf7 40. Kc2 Kf6 41. b4 Ne4 42. g4 Kg5 43. Kd3 Kf4 44. b5 Nd6 45. b6 Nb7 46. Kd4 Kg5 47. Kd5 Kf4 48. Kc6 Na5+ 49. Kc7 Kg5 50. b7 Nxb7 51. Kxb7 Kf4 52. Kc6 Kg5 53. Kd7 Kf4 54. Ke6 Kg5 55. Kf7 Kf4 56. Kf6 Kxe3 57. g5 Kf4 58. g6 Ke4 59. g7 Kd5 60. g8=Q+ Kd4 61. Qg5 Ke4 62. Ke6 Kd3 63. Qf4 Ke2 64. Qg3 Kd2 65. Qf3 Kc2 66. Qe3 Kb2 67. Qd3 1-0


[Site "https://www.chess.com"]

[Event "Titled Tuesday Blitz June 13 Early 2023"]
[White "Floresvillar Gonzalez, Luis Migu"]
[Black "Bueno, Alfeu Junior Varela"]
[WhiteFideId "5100542"]
[BlackFideId "2108879"]
[WhiteElo "2040"]
[BlackElo "2175"]
[Result "1/2-1/2"]
[Round "2"]
[TimeControl "180+2"]
[Date "2023.06.13"]
[WhiteClock "0:00:03"]
[BlackClock "0:00:05"]
[Board "221"]

1. d4 e6 2. c3 f5 3. Bf4 b6 4. Nd2 Bb7 5. f3 Nf6 6. Qc2 Nd5 7. Bg3 f4 8. Bf2 Bd6 9. Ne4 O-O 10. Nxd6 cxd6 11. O-O-O Nc6 12. Kb1 a5 13. Nh3 b5 14. Qd2 Qf6 15. e4 fxe3 16. Bxe3 Nxe3 17. Qxe3 b4 18. c4 a4 19. Bd3 a3 20. b3 e5 21. dxe5 Nxe5 22. Be4 Nxc4 23. Qd4 Bxe4+ 24. fxe4 Ne3 25. Qxf6 Rxf6 26. Rd2 Raf8 27. Rc1 Rf1 28. Re2 Ng4 29. Rxf1 Rxf1+ 30. Kc2 Nxh2 31. Kd3 Rc1 32. Nf4 Ng4 33. Nd5 Ne5+ 34. Kd2 Rc5 35. Nxb4 h5 36. Nc2 Ra5 37. b4 Ra4 38. b5 Ra5 39. Kc3 Rxb5 40. Nxa3 Ra5 41. Nc4 Rc5 42. Kd4 Rxc4+ 43. Kd5 Ra4 44. Kxd6 Nc4+ 45. Kxd7 Kf7 46. e5 Ra7+ 47. Kc6 Re7 48. Kd5 Nb6+ 49. Kd6 Nc8+ 50. Kd5 Rd7+ 51. Kc6 Ke6 52. a4 Ne7+ 53. Kc5 Rd5+ 54. Kc4 Rxe5 55. Rxe5+ Kxe5 56. a5 Nc6 57. a6 Kd6 58. Kd3 Kc7 59. Ke4 Kb6 60. Kf5 Kxa6 61. Kg6 h4 62. Kxg7 Ne5 63. Kf6 Nd3 64. Kg5 Ne1 65. Kxh4 Nxg2+ 1/2-1/2


[Site "https://www.chess.com"]

[Event "Titled Tuesday Blitz June 13 Early 2023"]
[White "LangesNasenhaar"]
[Black "Hartikainen, Jarmo"]
[BlackFideId "503134"]
[WhiteElo "2458"]
[BlackElo "2130"]
[Result "1-0"]
[Round "2"]
[TimeControl "180+2"]
[Date "2023.06.13"]
[WhiteClock "0:00:36"]
[BlackClock "0:00:05"]
[Board "222"]

1. Nf3 Nf6 2. g3 g6 3. b3 b6 4. Bb2 Bb7 5. Bg2 Bg7 6. c4 c5 7. O-O O-O 8. d4 d5 9. dxc5 dxc4 10. bxc4 bxc5 11. Qb3 Qb6 12. Nc3 Ne4 13. Rfc1 Qxb3 14. axb3 Nxc3 15. Bxc3 Bxc3 16. Rxc3 Na6 17. Ne5 Bxg2 18. Kxg2 Nb4 19. Nd7 Rfc8 20. Ra5 Rc7 21. Nxc5 Nc6 22. Ra3 Nd4 23. Na6 Rc6 24. e3 Nb5 25. Nb4 Rcc8 26. cxb5 Rxc3 27. Nc6 Rc5 28. Ra5 Kf8 29. b4 Rc2 30. Nxa7 Rb2 31. Ra4 Rxb4 32. Rxb4 Rxa7 33. b6 Rb7 34. Kf3 Ke8 35. Ke4 Kd7 36. Kd5 e6+ 37. Kc5 f5 38. Rd4+ Ke7 39. Kc6 Rb8 40. Rd7+ Ke8 41. Rxh7 e5 42. Rh8+ 1-0


[Site "https://www.chess.com"]

[Event "Titled Tuesday Blitz June 13 Early 2023"]
[White "Baker, Chris W"]
[Black "Sztokbant, Bernardo Vainzoff"]
[WhiteFideId "401676"]
[BlackFideId "2115956"]
[WhiteElo "2119"]
[BlackElo "2222"]
[Result "0-1"]
[Round "2"]
[TimeControl "180+2"]
[Date "2023.06.13"]
[WhiteClock "0:00:08"]
[BlackClock "0:00:09"]
[Board "223"]

1. d4 d5 2. c4 dxc4 3. Nf3 Nf6 4. e3 e6 5. Bxc4 c5 6. O-O Nc6 7. dxc5 Qxd1 8. Rxd1 Bxc5 9. a3 O-O 10. b4 Be7 11. Bb2 b6 12. Nbd2 Bb7 13. Nb3 Rac8 14. Rac1 Rfd8 15. Be2 Kf8 16. Nbd4 Nxd4 17. Nxd4 Rxc1 18. Rxc1 Ne8 19. Bf3 Bxf3 20. Nxf3 Bf6 21. Bxf6 Nxf6 22. Kf1 Rd3 23. Rc7 Rxa3 24. Ne5 Ke8 25. Nxf7 Ne4 26. f3 Ra1+ 27. Ke2 Ra2+ 28. Kd3 Nf6 29. Nd6+ Kf8 30. Rf7+ Kg8 31. Re7 Rxg2 32. Rxa7 h5 33. Rb7 Rxh2 34. Rxb6 h4 35. b5 h3 36. Rc6 Rb2 37. Rc1 h2 38. Rh1 Nh5 39. Nc4 Ng3 40. Nxb2 Nxh1 41. b6 Nf2+ 42. Ke2 h1=Q 43. b7 Qh2 0-1


[Site "https://www.chess.com"]

[Event "Titled Tuesday Blitz June 13 Early 2023"]
[White "UNSTOPPABLE_LEGEND"]
[Black "Lakshmi C"]
[BlackFideId "25035347"]
[WhiteElo "2458"]
[BlackElo "1942"]
[Result "1-0"]
[Round "2"]
[TimeControl "180+2"]
[Date "2023.06.13"]
[WhiteClock "0:01:34"]
[BlackClock "0:00:05"]
[Board "224"]

1. e4 c5 2. Nf3 Nc6 3. Bb5 g6 4. Bxc6 dxc6 5. O-O Bg7 6. d3 e5 7. h3 Nf6 8. Be3 Nd7 9. Nbd2 O-O 10. Nc4 Qe7 11. a3 f5 12. Rb1 f4 13. Bd2 b6 14. b4 cxb4 15. axb4 Ba6 16. Bc3 Rad8 17. Ra1 Bxc4 18. dxc4 Nf6 19. Qe2 Ne8 20. Ra6 h5 21. Rfa1 Rd7 22. c5 b5 23. Rxc6 g5 24. Rg6 Kh7 25. Rxg5 Bf6 26. Rxh5+ Kg6 1-0


[Site "https://www.chess.com"]

[Event "Titled Tuesday Blitz June 13 Early 2023"]
[White "Philippe, Guillaume"]
[Black "Dudzinski, Pawel"]
[WhiteFideId "36048763"]
[BlackFideId "1117890"]
[WhiteElo "2387"]
[BlackElo "2099"]
[Result "0-1"]
[Round "2"]
[TimeControl "180+2"]
[Date "2023.06.13"]
[WhiteClock "0:00:10"]
[BlackClock "0:00:25"]
[Board "225"]

1. e4 c5 2. Nf3 d6 3. d4 cxd4 4. Nxd4 Nc6 5. Nc3 Nf6 6. Bg5 a6 7. Qd2 Nxd4 8. Qxd4 b5 9. O-O-O Qa5 10. e5 dxe5 11. Qxe5 Bd7 12. Nd5 Nxd5 13. Qxd5 Rd8 14. Bc4 e6 15. Bxd8 exd5 16. Bxa5 dxc4 17. Rhe1+ Be7 18. Bb4 Be6 19. Bxe7 Kxe7 20. f4 g6 21. g4 Kf6 22. h3 h5 23. Rd6 hxg4 24. hxg4 Rh4 25. Rg1 Ke7 26. Rxa6 Bxg4 27. Rb6 Bd7 28. Rf1 Kd8 29. Rb7 Kc8 30. Ra7 Rh2 31. Rd1 Bg4 32. Re1 Be6 33. b3 c3 34. a4 Kb8 35. Ra5 bxa4 36. Rxa4 Bf5 37. Rb4+ Ka7 38. Re5 Rxc2+ 39. Kd1 Rd2+ 40. Ke1 Rd6 41. Ra5+ Ra6 42. Rxa6+ Kxa6 43. Kd1 Ka5 44. Rb8 Be4 45. Kc1 Bf5 46. Rf8 Kb4 47. Rb8+ Ka3 48. Rb7 Be6 49. Kc2 Bd5 50. Rb8 g5 51. Kxc3 gxf4 52. Rd8 Bc6 53. Rd6 Bb5 54. Rb6 Be2 55. Rb8 Ka2 56. Ra8+ Kb1 57. Re8 f3 58. b4 f2 59. Rxe2 f1=Q 60. Rb2+ Ka1 61. Rc2 Qb5 62. Kb3 Qd5+ 63. Rc4 Kb1 64. Kc3 f5 65. Rc5 Qe4 66. b5 f4 67. b6 Qe3+ 68. Kc4 Qe6+ 69. Kb5 Qd7+ 70. Ka6 Qa4+ 71. Kb7 f3 72. Kc7 Qf4+ 73. Kc8 Qf8+ 74. Kc7 Qxc5+ 75. Kb7 Qxb6+ 76. Kxb6 f2 77. Kb7 f1=Q 78. Ka8 Qf7 79. Kb8 Kc2 80. Ka8 Kc3 81. Kb8 Kc4 82. Ka8 Kc5 83. Kb8 Kc6 84. Ka8 Qb7# 0-1


[Site "https://www.chess.com"]

[Event "Titled Tuesday Blitz June 13 Early 2023"]
[White "Mrudul Dehankar"]
[Black "Lisjak, Zlatko"]
[WhiteFideId "25096990"]
[BlackFideId "14502186"]
[WhiteElo "2139"]
[BlackElo "1998"]
[Result "0-1"]
[Round "2"]
[TimeControl "180+2"]
[Date "2023.06.13"]
[WhiteClock "0:00:00"]
[BlackClock "0:02:05"]
[Board "226"]

1. e4 d6 2. d4 Nf6 3. Nc3 c6 4. Nf3 Bg4 5. Be2 e6 6. h3 Bh5 7. Be3 d5 8. e5 Nfd7 9. Nd2 Bg6 10. O-O c5 11. Nb5 Nc6 12. dxc5 Nxc5 13. c3 a6 14. Nd6+ Bxd6 15. exd6 Qxd6 16. Nc4 Qe7 17. Nb6 Rd8 18. b4 Ne4 19. f3 Nxc3 20. Qe1 d4 21. Bf4 Qxb4 22. Nc4 Nxe2+ 23. Qxe2 d3 0-1


[Site "https://www.chess.com"]

[Event "Titled Tuesday Blitz June 13 Early 2023"]
[White "Maluco_do_Natal_00"]
[Black "Lima, Kleyton Alcantara"]
[BlackFideId "22718397"]
[WhiteElo "2081"]
[BlackElo "2009"]
[Result "0-1"]
[Round "2"]
[TimeControl "180+2"]
[Date "2023.06.13"]
[WhiteClock "0:00:00"]
[BlackClock "0:01:14"]
[Board "227"]

1. e4 c5 2. Nf3 d6 3. d4 cxd4 4. Nxd4 Nf6 5. Nc3 a6 6. Be3 e5 7. Nb3 Be6 8. Qd2 Nbd7 9. f3 h5 10. O-O-O Be7 11. Kb1 Rc8 12. h3 b5 13. a3 Nb6 14. Na5 Qc7 15. Be2 h4 16. f4 Nc4 17. Nxc4 Bxc4 18. Rhf1 Qb7 19. Bd3 a5 20. fxe5 dxe5 21. Bxc4 Rxc4 22. Nd5 Nxe4 23. Qxa5 O-O 24. Nxe7+ Qxe7 25. Qxb5 Rc7 26. Rfe1 Nc3+ 27. bxc3 Rb7 28. Bb6 Rfb8 29. Qxe5 Rxb6+ 30. Kc1 Qxa3+ 31. Kd2 Rd8+ 32. Ke2 Rxd1 33. Kxd1 Rd6+ 34. Qxd6 Qxd6+ 35. Kc1 Qf4+ 36. Kb2 Qf2 37. Re8+ Kh7 38. Rc8 Qxg2 39. c4 Qb7+ 0-1


[Site "https://www.chess.com"]

[Event "Titled Tuesday Blitz June 13 Early 2023"]
[White "Papayan, Oleg"]
[Black "Torres Dominguez, David"]
[WhiteFideId "4193911"]
[BlackFideId "2220857"]
[WhiteElo "2167"]
[BlackElo "1999"]
[Result "1-0"]
[Round "2"]
[TimeControl "180+2"]
[Date "2023.06.13"]
[WhiteClock "0:00:23"]
[BlackClock "0:01:22"]
[Board "228"]

1. e4 Nc6 2. Nf3 e5 3. Bb5 Nge7 4. c3 g6 5. d4 Bg7 6. d5 a6 7. Bc4 Na7 8. d6 cxd6 9. Qxd6 Nb5 10. Bxb5 axb5 11. Nxe5 Ra6 12. Qc5 O-O 13. Nd3 d5 14. exd5 Nxd5 15. O-O Nxc3 16. Nxc3 Qxd3 17. Qxb5 Qxb5 18. Nxb5 Be6 19. Nc3 Bxc3 20. bxc3 Rc8 21. Bd2 Rxa2 22. Rxa2 Bxa2 23. Ra1 Bd5 24. f3 Kg7 25. Kf2 Bc4 26. Be3 f6 27. Bd4 Ba6 28. g4 Kf7 29. Re1 Re8 30. Rxe8 Kxe8 31. Bxf6 Kf7 32. Bd4 g5 33. Ke3 Ke6 34. Ke4 b5 35. Bb6 Bb7+ 36. Ke3 Kd5 37. Bd8 h6 38. Bf6 Kc5 39. Bg7 Kc4 40. Bxh6 Kxc3 41. Bxg5 b4 42. Bf6+ Kc4 43. h4 Kc5 44. h5 Kd6 45. h6 Ke6 46. h7 1-0


[Site "https://www.chess.com"]